Map: Вечная империя РВ

Players

Doll

  • Race: Protoss Protoss
  • Spawn Location: 1:00

ИИ 1 (знаток) - Winner!

  • Race: Terran Terran
  • Spawn Location: 7:00

VOD

Have the link to the VOD?

Description

Time

  • Played on: June 3, 2020, 3:32 p.m.
  • Length: 4:56
Show
View Real Time Build Order
Export as new Build Order

Doll Protoss 

Build Orders:  

Get SALT Encoding   

  12  0:01  Probe  
  13  0:13  Probe  
  14  0:20  Pylon  
  14  0:25  Probe  
  15  0:40  Gateway, Probe  
  16  0:54  Probe (Chrono Boost), Gateway  
  17  1:02  Assimilator  
  18  1:04  Probe (Chrono Boost)  
  18  1:13  Probe  
  18  1:14  Pylon  
  19  1:25  Probe (Chrono Boost)  
  20  1:27  Zealot  
  22  1:36  Cybernetics Core  
  22  1:37  Probe (Chrono Boost)  
  23  1:42  Zealot  
  23  1:44  Probe  
  26  1:54  Zealot  
  26  1:59  Pylon  
  28  2:05  Probe  
  28  2:06  Assimilator  
  29  2:13  Stalker  
  31  2:16  Warp Gate  
  31  2:23  Stalker  
  33  2:33  Pylon  
  33  2:34  Probe  
  34  2:43  Stalker  
  36  2:50  Probe  
  37  2:53  Stalker  
Show
View Real Time Build Order
Export as new Build Order

ИИ 1 (знаток) Terran - Winner!

Build Orders:  

Get SALT Encoding   

  12  0:00  SCV  
  13  0:13  SCV  
  14  0:18  Supply Depot  
  14  0:25  SCV  
  15  0:40  SCV  
  16  0:43  Barracks  
  16  0:49  Refinery  
  16  0:52  SCV  
  17  1:04  SCV  
  18  1:16  SCV  
  19  1:20  Supply Depot  
  19  1:29  SCV  
  19  1:32  Marine  
  21  1:40  Barracks  
  21  1:42  Orbital Command  
  21  1:48  Refinery  
  21  1:51  Barracks Tech Lab  
  21  2:06  Supply Depot  
  21  2:09  Marine  
  22  2:27  Marine  
  23  2:30  Marine  
  23  2:31  Factory  
  24  2:45  Marine  
  25  2:54  Marine  
  26  3:02  Supply Depot  
  26  3:03  Marauder  
  28  3:12  Marine  
  29  3:17  Starport  
  29  3:24  Marine  
  30  3:37  SCV  
  31  3:43  Supply Depot, Marauder  
  33  3:49  Marine, SCV  
  33  3:53  Hellion  
  33  3:54  Starport Tech Lab  
  27  4:03  Marine  
  27  4:07  Marine  
  29  4:12  Viking  
  29  4:14  Hellion  
  30  4:21  Marine  
  29  4:24  Marine  
  29  4:25  SCV  
  25  4:40  SCV  
Tags
 
Add a new tag
Caveats
  • Supply blocks, unpowered buildings, or Contaminate may cause inaccurate times.
  • Supply counts are checked every 10 seconds.